 Dungeon Sprint DCSS version 0.30.1-4-g462c640d31 (webtiles) character file.

Game seed: 4797665890334743738

10947 Heoruswealwe the Sorcerer (level 11, -8/54 HPs)
             Began as a Deep Elf Conjurer on Sept 7, 2023.
             Was the Champion of Vehumet.
             Mangled by a lorocyproca (16 damage)
             ... in the Dungeon (Sprint I: "Red Sonja") on Sept 8, 2023.
             The game lasted 00:38:40 (2044 turns).

Heoruswealwe the Sorcerer (Deep Elf Conjurer)       Turns: 2044, Time: 00:38:41

Health: -8/54      AC:  7    Str:  4    XL:     11   Next: 42%
Magic:  36/42      EV: 12    Int: 28    God:    Vehumet [******]
Gold:   74         SH:  0    Dex: 13    Spells: 37/60 levels left

rFire   . . .        a - +0 scythe
rCold   . . .        (shield currently unavailable)
rNeg    . . .        c - +0 robe
rPois   +            (no helmet)
rElec   .            (no cloak)
rCorr   .            f - +1 pair of gloves {hurl}
SInv    .            e - +2 pair of boots
Will    +....        (no amulet)
Stlth   ++           k - ring of poison resistance
HPRegen 0.29/turn    (no ring)
MPRegen 0.28/turn

%: no teleportation
@: no status effects
A: no striking features
a: Renounce Religion


You were in the Dungeon.
You worshipped Vehumet.
Vehumet was exalted by your worship.
You visited 1 branch You collected 1565 gold pieces.
You spent 1455 gold pieces at shops.
You donated 36 gold pieces to Zin.

Inventory:

Hand Weapons
 a - a +0 scythe (weapon)
Armour
 c - a +0 robe (worn)
 e - a +2 pair of boots (worn)
 f - a +1 pair of gloves of hurling (worn)
Jewellery
 k - a ring of poison resistance (left hand)
Wands
 n - a wand of digging (5)
 p - a wand of roots (9)
Scrolls
 d - a scroll of acquirement {unknown}
 h - a scroll of fear {unknown}
 i - a scroll of enchant armour {unknown}
 j - a scroll of poison {unknown}
 m - a scroll of fog {unknown}
Potions
 b - 3 potions of magic
 g - a potion of invisibility {unknown}
 l - a potion of flight {unknown}
 o - 2 potions of curing


   Skills:
 - Level 2.4 Dodging
 - Level 2.4 Stealth
 + Level 25.1 Spellcasting
 + Level 21.9 Conjurations


You had 37 spell levels left.
You knew the following spells:

 Your Spells              Type           Power      Damage    Failure   Level
a - Magic Dart            Conj           100%       1d8       0%          1
b - Shock                 Conj/Air       100%       1d9       0%          1
c - Kiss of Death         Conj/Necr      100%       2d13      0%          1
d - Searing Ray           Conj           100%       2d8       0%          2
e - Dazzling Flash        Conj/Hex       100%       N/A       1%          3
f - Stone Arrow           Conj/Erth      100%       3d13      1%          3
g - Iskenderun's Mystic   Conj/Tloc      77%        2d15      1%          4
h - Fulminant Prism       Conj/Hex       38%        3d18      1%          4
i - Flame Wave            Conj/Fire      77%        2d17      1%          4

Your spell library contained the following spells:

 Spells                   Type           Power      Damage    Failure   Level
 Sandblast                Erth           70%        2d15      1%          1
 Passwall                 Tmut/Erth      29%        N/A       1%          2
 Confusing Touch          Hex            35%        N/A       2%          3
 Ozocubu's Armour         Ice            35%        N/A       2%          3
 Swiftness                Air            35%        N/A       2%          3
 Airstrike                Air            17%        2d(3-19)  2%          4
 Dispel Undead            Necr           35%        3d15      9%          4
 Ozocubu's Refrigeration  Ice            17%        4d11      83%         7


Dungeon Overview and Level Annotations

Branches:
Dungeon (1/1)

Altars:
Cheibriados
Dithmenos
Elyvilon
Fedhas
Gozag
Hepliaklqana
Kikubaaqudgha
Makhleb
Nemelex Xobeh
Okawaru
Qazlal
Ru
Sif Muna
Trog
Uskayaw
Vehumet
Wu Jian
Xom
Yredelemnul
Zin
The Shining One
Jiyva
Lugonu

Shops:
D (?::[!*![[[[?=?[((=[[


Message History

Casting: Stone Arrow (safe; 1% risk of failure)
Confirm with . or Enter, or press ? or * to list all spells.
Aiming: Stone Arrow (safe; 1% risk of failure)
Press: ? - help, Shift-Dir - straight line, f/p - gargoyle
Aim: a gargoyle, wielding a +0 flail (almost destroyed, 89% to hit)
The stone arrow hits the gargoyle!
You destroy the gargoyle!
Vehumet accepts your kill.
You feel your power returning.
You see here a +0 flail.
You open the door.
Found 7 stones.
There is an open door here.
You see here 7 stones.
There is an open door here.
You start resting.
Magic restored.
You start resting.
HP restored.
You open the door.
A meliai comes into view. It is wielding a +0 war axe.
Found 162 gold pieces.
You hear a chilling moan.
Something hits you!!
Ouch! That really hurt!
You feel your power leaking away.
Deactivating autopickup; reactivate with Ctrl-A.
The meliai invokes the aid of its god against you.
Something smites you!
* * * LOW HITPOINT WARNING * * *
You start resting.
Something hits you but does no damage.
Casting: Stone Arrow (safe; 1% risk of failure)
Confirm with . or Enter, or press ? or * to list all spells.
Okay, then.
Casting: Stone Arrow (safe; 1% risk of failure)
Confirm with . or Enter, or press ? or * to list all spells.
You erupt in a blast of force!
The mystic blast hits something but does no damage.
Something hits you!
You die...

#######################
.'..#__#..'.).#.[#§§..+
.#..'..'..#)..##'#§####
###'#__####...'..#.# #
..#.####[§#####..+.# $###
.##.#§§§§.#..##+#### .$#y#
'#_.+~§~§.+..#..@☼.#..$###
..._#~~§..#..#...○.'..$$$#
_.#'##+#####'###○○.#.....#
#'#.#.(.!###.+.#.○.# #++##
#)####'###)###.#°○##
...'.....'.∩##.#.°#
...##.########.##'#
#.###.......##§##(#
#'#.#........+§####


There were no monsters in sight!

Vanquished Creatures
  2 centaur warriors (D)
  Sonja (D)
  A deep troll (D)
  A lindwurm (D)
  An oklob plant (D)
  8 shining eyes (D)
  A gargoyle (D)
  4 demonic crawlers (D)
  2 unseen horrors (D)
  2 kobold demonologists (D)
  A hornet (D)
  A slime creature (D)
  Sigmund (D)
  A yak (D)
  2 redbacks (D)
  6 floating eyes (D)
  An ogre (D)
  7 necrophages (D)
  8 jellies (D)
  Ijyb (D)
  A ballistomycete spore (D)
53 creatures vanquished.

Vanquished Creatures (others)
  A gargoyle (D)
  A ballistomycete spore (D)
  2 fulminant prisms (D)
4 creatures vanquished.

Grand Total: 57 creatures vanquished

Notes
Turn   | Place    | Note
-------+----------+-------------------------------------------
     0 | D        | Heoruswealwe the Deep Elf Conjurer began the quest for the
                  | Orb.
     0 | D        | Reached XP level 1. HP: 10/10 MP: 6/6
     1 | D        | Noticed Ijyb
    12 | D        | Killed Ijyb
    13 | D        | Reached skill level 6 in Spellcasting
    13 | D        | Reached XP level 2. HP: 15/15 MP: 7/11
    59 | D        | Learned a level 2 spell: Searing Ray
    61 | D        | Noticed an ogre
    67 | D        | Killed an ogre
    68 | D        | Reached skill level 9 in Spellcasting
    68 | D        | Reached XP level 3. HP: 19/19 MP: 5/15
    68 | D        | Reached XP level 4. HP: 24/24 MP: 5/17
   157 | D        | Noticed Sigmund
   162 | D        | Killed Sigmund
   163 | D        | Reached skill level 11 in Spellcasting
   163 | D        | Reached skill level 10 in Conjurations
   163 | D        | Reached XP level 5. HP: 19/28 MP: 11/21
   167 | D        | Learned a level 3 spell: Dazzling Flash
   172 | D        | Learned a level 4 spell: Fulminant Prism
   177 | D        | Learned a level 4 spell: Iskenderun's Mystic Blast
   233 | D        | Found an ornate altar of the Wu Jian Council.
   233 | D        | Found a shimmering blue altar of Sif Muna.
   235 | D        | Found a radiant altar of Vehumet.
   238 | D        | Reached skill level 12 in Spellcasting
   238 | D        | Reached XP level 6. HP: 32/32 MP: 19/23
   264 | D        | Found Iffotr Tyho's Book Emporium.
   264 | D        | Found an ancient bone altar of Kikubaaqudgha.
   264 | D        | Found a hazy altar of Hepliaklqana.
   264 | D        | Found a stormy altar of Qazlal.
   264 | D        | Found a hide-covered altar of Uskayaw.
   264 | D        | Found a blossoming altar of Fedhas.
   264 | D        | Found a bloodstained altar of Trog.
   264 | D        | Found an iron altar of Okawaru.
   264 | D        | Found a basalt altar of Yredelemnul.
   264 | D        | Found a glowing golden altar of the Shining One.
   264 | D        | Found a snail-covered altar of Cheibriados.
   264 | D        | Found a sacrificial altar of Ru.
   264 | D        | Found a glowing silver altar of Zin.
   264 | D        | Found a shadowy altar of Dithmenos.
   264 | D        | Found a white marble altar of Elyvilon.
   264 | D        | Noticed a yak
   270 | D        | Killed a yak
   271 | D        | Reached skill level 13 in Spellcasting
   272 | D        | Found an opulent altar of Gozag.
   273 | D        | Found a sparkling altar of Nemelex Xobeh.
   278 | D        | Became a worshipper of Zin the Law-Giver
   278 | D        | Reached * piety under Zin
   278 | D        | Reached ** piety under Zin
   278 | D        | Reached *** piety under Zin
   278 | D        | Reached **** piety under Zin
   278 | D        | Reached ***** piety under Zin
   278 | D        | Reached ****** piety under Zin
   332 | D        | Bought a book of Air for 286 gold pieces
   335 | D        | Learned a level 1 spell: Shock
   340 | D        | Noticed Sonja
   345 | D        | Killed Sonja
   346 | D        | Reached skill level 15 in Spellcasting
   346 | D        | Reached XP level 7. HP: 36/36 MP: 19/28
   362 | D        | Found Repoj's Weapon Boutique.
   376 | D        | Noticed a shining eye
   376 | D        | Noticed a shining eye
   376 | D        | Noticed a shining eye
   377 | D        | Noticed a shining eye
   377 | D        | Noticed a shining eye
   377 | D        | Noticed a shining eye
   381 | D        | Paralysed by a floating eye for 2 turns
   385 | D        | Paralysed by a floating eye for 3 turns
   386 | D        | Reached skill level 16 in Spellcasting
   386 | D        | Reached XP level 8. HP: 41/41 MP: 30/30
   390 | D        | Paralysed by a floating eye for 2 turns
   394 | D        | Paralysed by a floating eye for 4 turns
   414 | D        | Killed a shining eye
   415 | D        | Reached skill level 17 in Spellcasting
   415 | D        | Reached skill level 15 in Conjurations
   435 | D        | Killed a shining eye
   436 | D        | Reached skill level 18 in Spellcasting
   436 | D        | Reached XP level 9. HP: 45/45 MP: 31/33
   446 | D        | Killed a shining eye
   447 | D        | Reached skill level 19 in Spellcasting
   456 | D        | Killed a shining eye
   474 | D        | Killed a shining eye
   475 | D        | Reached skill level 20 in Spellcasting
   477 | D        | Noticed a shining eye
   477 | D        | Noticed a shining eye
   484 | D        | Paralysed by a floating eye for 4 turns
   524 | D        | Killed a shining eye
   537 | D        | Killed a shining eye
   538 | D        | Reached skill level 21 in Spellcasting
   538 | D        | Reached XP level 10. HP: 50/50 MP: 35/37
   551 | D        | Killed a shining eye
   571 | D        | Fell from the grace of Zin
   571 | D        | Became a worshipper of Vehumet
   650 | D        | Noticed a deep troll
   659 | D        | Killed a deep troll
   670 | D        | Found Rerintud's Armour Emporium.
   718 | D        | Found Rulocsuy's Magic Scroll Shoppe.
   718 | D        | Found Ypog's Antique Armour Shop.
   718 | D        | Found Kerufir's Book Emporium.
   718 | D        | Found Lauvuput's Distillery.
   724 | D        | Bought a book of Geomancy for 216 gold pieces
   789 | D        | Found a burning altar of Makhleb.
   789 | D        | Found a viscous altar of Jiyva.
   789 | D        | Found a shimmering altar of Xom.
   789 | D        | Found a corrupted altar of Lugonu.
   876 | D        | Bought a book of Touch for 286 gold pieces
   879 | D        | Learned a level 1 spell: Kiss of Death
   883 | D        | Learned a level 3 spell: Stone Arrow
   900 | D        | Reached * piety under Vehumet
   900 | D        | Offered knowledge of Freeze by Vehumet.
   901 | D        | Reached skill level 22 in Spellcasting
  1077 | D        | Noticed a centaur warrior
  1082 | D        | Noticed a centaur warrior
  1082 | D        | Killed a centaur warrior
  1082 | D        | Reached ** piety under Vehumet
  1082 | D        | Offered knowledge of Poisonous Vapours by Vehumet.
  1084 | D        | Killed a centaur warrior
  1085 | D        | Reached skill level 23 in Spellcasting
  1111 | D        | Killed a gargoyle
  1207 | D        | Noticed an oklob plant
  1216 | D        | Killed an oklob plant
  1216 | D        | Offered knowledge of Volatile Blastmotes by Vehumet.
  1356 | D        | Reached *** piety under Vehumet
  1368 | D        | Reached XP level 11. HP: 54/54 MP: 34/40
  1411 | D        | Offered knowledge of Frozen Ramparts by Vehumet.
  1411 | D        | Reached **** piety under Vehumet
  1413 | D        | Reached ***** piety under Vehumet
  1418 | D        | Reached skill level 24 in Spellcasting
  1421 | D        | Reached ****** piety under Vehumet
  1543 | D        | Identified the +4 plate armour "Hietilud" {*Corrode Regen+
                  | Dex+6 Slay+3}
  1556 | D        | Found Niwape's Distillery.
  1556 | D        | Found Tiavul's General Store.
  1556 | D        | Found Loqup's Antique Armour Boutique.
  1562 | D        | Found Qoquwnid's Antique Weapon Boutique.
  1562 | D        | Found Foes's Armour Emporium.
  1562 | D        | Found Loefream's Jewellery Emporium.
  1572 | D        | Found Irheny's Antique Weapon Boutique.
  1572 | D        | Found Okoec's Antique Armour Shoppe.
  1572 | D        | Found Jecs's Magic Scroll Shop.
  1572 | D        | Found Fofoteemp's Jewellery Emporium.
  1572 | D        | Found Lygubov's Magic Scroll Boutique.
  1572 | D        | Found Qoag's Antique Armour Shoppe.
  1572 | D        | Found Giduemp's Armour Shop.
  1576 | D        | Found Amohes's Armour Emporium.
  1599 | D        | Bought a pair of embroidered boots for 195 gold pieces
  1616 | D        | Bought a pair of glowing gloves for 232 gold pieces
  1661 | D        | Offered knowledge of Olgreb's Toxic Radiance by Vehumet.
  1859 | D        | Noticed a lindwurm
  1866 | D        | Killed a lindwurm
  1866 | D        | Offered knowledge of Flame Wave by Vehumet.
  1867 | D        | Reached skill level 25 in Spellcasting
  1872 | D        | Learned a level 4 spell: Flame Wave
  1946 | D        | Bought a ring of poison resistance for 240 gold pieces
  2044 | D        | Mangled by a lorocyproca

Illustrated notes

Levels and vault maps discovered:
D:        dungeon_sprint_1 [red_sonja_temple_1, red_sonja_temple_small_1]

Skill      XL: |  1  2  3  4  5  6  7  8  9 10 11 |
---------------+----------------------------------+-----
Spellcasting   | 6 9 11 12 15 16 18 21 23 25 | 25.1
Conjurations   | 6 8 10 14 16 18 20 21 | 21.9
Dodging        | |  2.4
Stealth        | |  2.4

Action                     |  1- 3 |  4- 6 |  7- 9 | 10-12 || total
---------------------------+-------+-------+-------+-------++-------
  Melee: Unarmed           |     8 |       |       |       ||     8
         Halberd           |       |       |   127 |    15 ||   142
   Cast: Searing Ray       |     1 |     5 |       |     3 ||     9
         Magic Dart        |     1 |       |       |     2 ||     3
         Iskenderun's Myst |       |     2 |       |    33 ||    35
         Fulminant Prism   |       |     1 |       |     1 ||     2
         Stone Arrow       |       |       |       |    13 ||    13
  Evoke: Wand              |     1 |       |       |     1 ||     2
    Use: Potion            |     2 |       |       |     2 ||     4
         Scroll            |     1 |       |       |       ||     1
   Stab: Sleeping          |       |       |     1 |       ||     1
 Armour: Robe              |       |       |       |     9 ||     9
  Dodge: Dodged            |     1 |     1 |       |    16 ||    18
